 Dungeon Sprint DCSS version 0.28.0-53-g5a82cb258f (webtiles) character file.

Game seed: 781513328758405816

226 Groucho the Covert (level 5, 0/20 (24) HPs)
             Began as a Spriggan Enchanter on July 19, 2022.
             Slain by a necrophage (2 damage)
             ... in the Dungeon (Sprint II: "The Violet Keep of Menkaure").
             The game lasted 00:01:58 (573 turns).

Groucho the Covert (Spriggan Enchanter)              Turns: 573, Time: 00:01:59

HP:   0/20 (24)     AC:  2    Str:  6    XL:     5   Next: 69%
MP:   8/16          EV: 17    Int: 17    God:
Gold: 243           SH:  0    Dex: 15    Spells: 8/19 levels left

rFire   . . .      SeeInvis +   a - +1 dagger
rCold   . . .      Faith    .   (no shield)
rNeg    . . .      Spirit   .   b - +0 robe
rPois   .          Reflect  .   (helmet restricted)
rElec   .          Harm     .   (no cloak)
rCorr   .          Rampage  .   (gloves unavailable)
Will    .....      NoTele   +   (boots unavailable)
Stlth   +++++.....              (no amulet)
HPRegen 0.06/turn               (no ring)
MPRegen 0.15/turn               (no ring)

@: heavily drained, very quick
A: very small, no large weapons, unfitting armour, see invisible, speed 3
a: no special abilities


You were in the Dungeon.
You visited 1 branch You collected 243 gold pieces.

Inventory:

Hand Weapons
 a - a +1 dagger (weapon)
Armour
 b - a +0 robe (worn)
Scrolls
 i - a scroll of blinking
Potions
 c - a potion of invisibility
 e - a potion of heal wounds
 f - a potion of haste
 g - 2 potions of magic


   Skills:
 - Level 1.1 Short Blades
 - Level 2.6 Dodging
 * Level 13.5 Stealth
 + Level 7.5 Spellcasting
 + Level 8.0 Hexes


You had 8 spell levels left.
You knew the following spells:

 Your Spells              Type           Power      Damage    Failure   Level
a - Confusing Touch       Hex            33%        N/A       1%          3
b - Ensorcelled Hibernat  Hex/Ice        40%        N/A       3%          2
c - Dazzling Flash        Conj/Hex       40%        N/A       6%          3
d - Tukima's Dance        Hex            33%        N/A       1%          3

Your spell library contained the following spells:

 Spells                   Type           Power      Damage    Failure   Level


Dungeon Overview and Level Annotations

Branches:
Dungeon (1/1)

Altars:


Innate Abilities, Weirdness & Mutations

You are very small and have problems with some larger weapons.
You are too small for most types of armour.
You have supernaturally acute eyesight. (SInv)
You cover ground extremely quickly. (Speed+++)


Message History

Casting: Confusing Touch (safe; 1% risk of failure)
Confirm with . or Enter, or press ? or * to list all spells.
Your hands begin to glow red.
The necrophage hits you.
You feel drained.
You barely miss the necrophage. The necrophage hits you.
You feel drained.
You are too injured to fight recklessly!
You hit the necrophage but do no damage.
The necrophage misses you.
You barely miss the necrophage. The necrophage barely misses you.
You hit the necrophage but do no damage.
The necrophage misses you.
You hit the necrophage but do no damage.
The necrophage barely misses the necrophage.
The necrophage closely misses you.
You hit the necrophage but do no damage.
The necrophage appears confused.
The necrophage completely misses you.
You hit the necrophage but do no damage.
You hit the necrophage.
The necrophage is lightly damaged.
The necrophage barely misses you.
The necrophage barely misses the necrophage.
The necrophage hits itself.
Casting: Confusing Touch (safe; 1% risk of failure)
Confirm with . or Enter, or press ? or * to list all spells.
Your hands begin to glow red.
The necrophage closely misses the necrophage.
The necrophage hits you.
* * * LOW HITPOINT WARNING * * *
You hit the necrophage but do no damage.
The necrophage appears confused.
The necrophage is lightly damaged.
The necrophage seems less confused.
The necrophage barely misses the necrophage.
The necrophage closely misses the necrophage.
You strike the helpless necrophage from behind!
You impale the necrophage!!
The necrophage is almost destroyed.
The necrophage hits you.
* * * LOW HITPOINT WARNING * * *
You feel drained.
You die...

## ## ##.
.## n. ..
### .#. #
##†# #'# 3#
#..###.##.3#
+##.@nn.+$#
#..###n##3#
##.# #+# 3#
### .#$ # .B
B. ##. .##
## ##


You could see 3 necrophages.

Vanquished Creatures
  4 scorpions (D)
4 creatures vanquished.

Vanquished Creatures (others)
  A water moccasin (D)
1 creature vanquished.

Grand Total: 5 creatures vanquished

Notes
Turn   | Place    | Note
-------+----------+-------------------------------------------
     0 | D        | Groucho the Spriggan Enchanter began the quest for the Orb.
     0 | D        | Reached XP level 1. HP: 9/9 MP: 5/5
     1 | D        | Noticed a neqoxec
     1 | D        | Noticed a neqoxec
     1 | D        | Noticed a neqoxec
     1 | D        | Noticed a neqoxec
     4 | D        | Noticed a boulder beetle
     4 | D        | Noticed a boulder beetle
     8 | D        | Noticed a necrophage
     8 | D        | Noticed a necrophage
     8 | D        | Noticed a necrophage
     8 | D        | Noticed a necrophage
    11 | D        | Noticed a scorpion
    11 | D        | Noticed a scorpion
    22 | D        | Killed a scorpion
    23 | D        | Reached skill level 9 in Stealth
    23 | D        | Reached skill level 5 in Spellcasting
    23 | D        | Reached skill level 5 in Hexes
    23 | D        | Reached XP level 2. HP: 8/13 MP: 6/9
    23 | D        | Reached XP level 3. HP: 10/16 MP: 6/10
    27 | D        | Killed a scorpion
    28 | D        | Reached skill level 11 in Stealth
    28 | D        | Reached XP level 4. HP: 4/21 MP: 7/13
    30 | D        | HP: 1/21 [poisoned by a scorpion]
   148 | D        | Killed a water moccasin
   511 | D        | Noticed a scorpion
   511 | D        | Noticed a scorpion
   513 | D        | Killed a scorpion
   514 | D        | Reached skill level 12 in Stealth
   514 | D        | Reached XP level 5. HP: 24/24 MP: 15/15
   527 | D        | Learned a level 3 spell: Confusing Touch
   530 | D        | Learned a level 2 spell: Ensorcelled Hibernation
   534 | D        | Learned a level 3 spell: Dazzling Flash
   538 | D        | Learned a level 3 spell: Tukima's Dance
   541 | D        | Reached skill level 13 in Stealth
   573 | D        | Slain by a necrophage

Illustrated notes

Levels and vault maps discovered:
D:        the_violet_keep_of_menkaure [sprint2_stairs_cluster_1,
          sprint2_shoproom, sprint2_temple, sprint2_basic_supplies,
          sprint2_obstacle_7, sprint2_obstacle_4, sprint2_obstacle_3,
          sprint2_obstacle_1, sprint2_obstacle_5, sprint2_timed_cluster_1,
          sprint2_smallroom_cluster_1, sprint2_smallroom_final_cluster_1,
          sprint2_transparent_cluster_1, sprint2_second_timed_cluster_1,
          sprint2_sniper_area_1, sprint2_heavy_combat_area_1,
          sprint2_mutation_trap_area_1, sprint2_forest_area_1,
          sprint2_light_combat_area_1, sprint2_behind_water_1,
          sprint2_near_end_vault_1]

Skill      XL: |  1  2  3  4  5 |
---------------+----------------+-----
Stealth        | 9 11 12 13 | 13.5
Spellcasting   | 5 6 7 |  7.5
Hexes          | 5 6 7 8 |  8.0
Short Blades   | |  1.1
Dodging        | |  2.6

Action                   |  1- 3 |  4- 6 || total
-------------------------+-------+-------++-------
Melee: Dagger            |    13 |    20 ||    33
       Punch             |       |     1 ||     1
 Cast: Confusing Touch   |       |     3 ||     3
       Ensorcelled Hiber |       |     1 ||     1
  Use: Potion            |     1 |     1 ||     2
 Stab: Sleeping          |       |     2 ||     2
       Confused          |       |     2 ||     2
Armor: Robe              |       |     1 ||     1
Dodge: Dodged            |     6 |    11 ||    17
